 Dungeon Crawl Stone Soup version 0.17.1-2-g5865329 (webtiles) character file.

88 Grim the Insei (level 4, 0/28 HPs)
             Began as an Octopode Transmuter on Feb 17, 2016.
             Slain by Grim's ghost (2 damage)
             ... on level 3 of the Dungeon.
             The game lasted 00:03:12 (2108 turns).

Grim the Insei (Octopode Transmuter)                Turns: 2108, Time: 00:03:12

Health: 0/28       AC:  3    Str:  9    XL:     4   Next: 54%
Magic:  7/7        EV: 12    Int: 16    God:
Gold:   127        SH:  0    Dex: 12    Spells: 1 memorised, 6 levels left

rFire  . . .     SeeInvis .       - Unarmed
rCold  . . .     Clarity  .     (no shield)
rNeg   . . .     SustAt   .     p - +2 hat
rPois  .         Gourm    .     (no amulet)
rElec  .         Spirit   .     (no ring)
rCorr  .         Warding  .     (no ring)
rMut   .         Stasis   .     (no ring)
MR     .....                    (no ring)
Stlth  ++........               (no ring)
                                (no ring)
                                (no ring)
                                (no ring)

@: appendage (expiring), not resistant to hostile enchantments, unstealthy
A: almost no armour, amphibious, 8 rings, constrict 8, tentacle spike 3,
camouflage 1, gelatinous body 1
a: End Transformation


You were on level 3 of the Dungeon.
You were hungry.
One of your tentacles had a temporary spike.
You visited 1 branch of the dungeon, and saw 3 of its levels.

You collected 127 gold pieces.

Inventory:

Missiles
 a - 49 arrows
Armour
 p - a +2 hat (worn)
Scrolls
 e - 4 scrolls of identify {unknown}
 j - a scroll of magic mapping {unknown}
 l - 2 scrolls of remove curse {unknown}
 m - 2 scrolls of enchant weapon {unknown}
 n - 2 scrolls of blinking {unknown}
 o - 3 scrolls of fog {unknown}
Potions
 f - a potion of curing {unknown}
 g - 2 potions of agility {unknown}
 h - 2 potions of lignification {unknown}
 k - a potion of magic {unknown}
 q - a potion of might {unknown}
 s - a potion of haste {unknown}
Books
 b - a book of Changes

   Spells                             Type                      Level
   a - Beastly Appendage              Transmutation                1
   b - Sticks to Snakes               Transmutation                2
   c - Spider Form                    Transmutation/Poison         3
   d - Ice Form                       Ice/Transmutation            4
   e - Blade Hands                    Transmutation                5
Comestibles
 c - 3 bread rations
 d - a meat ration
 i - a royal jelly


   Skills:
 - Level 1.0 Fighting
 - Level 2.0 Dodging
 - Level 4.0 Unarmed Combat
 - Level 2.0 Spellcasting
 + Level 3.7 Transmutations


You had 6 spell levels left.
You knew the following spells:

 Your Spells              Type           Power        Failure   Level  Hunger
a - Beastly Appendage     Trmt           ##....       6%          1    #......


Dungeon Overview and Level Annotations

Branches:
Dungeon (3/15)

Altars:
The Shining One

Annotations:
D:3 Grim's ghost, amateur CeHu


Innate Abilities, Weirdness & Mutations

You cannot wear most types of armour.
You are amphibious.
You can wear up to eight rings at the same time.
You can use your tentacles to constrict eight enemies at once.
Your skin changes colour to match your surroundings (Stealth).
Your rubbery body absorbs attacks (AC +1).
One of your tentacles bears a large vicious spike.


Message History

* * * LOW HITPOINT WARNING * * *
You tentacle-slap Grim's ghost but do no damage.
You pierce Grim's ghost, but do no damage.
Grim's ghost is heavily damaged.
Grim's ghost closely misses you.
You tentacle-slap Grim's ghost. Your squeeze misses Grim's ghost.
Grim's ghost is heavily damaged.
Grim's ghost hits you but does no damage.
You tentacle-slap Grim's ghost but do no damage.
You squeeze Grim's ghost.
Grim's ghost is heavily damaged.
Grim's ghost closely misses you.
You tentacle-slap Grim's ghost. Your squeeze misses Grim's ghost.
Grim's ghost is heavily damaged.
Grim's ghost hits you.
* * * LOW HITPOINT WARNING * * *
You closely miss Grim's ghost.
Grim's ghost is heavily damaged.
Grim's ghost hits you.
You die...

#...# #.# #.#.# #.#
# ####†..#####.#.#
#..........#.#.##
#.###..###.#....#
#.# #......†<...#
#.# #.####.####.#
#.# #.# ##†## #@#
#.###...###.
###W###............#
.........##...###..#
##..####.###.## #
#..# #.# #.#
#..####.###.###
##..##.)†.......
.............###
##.####†..####


You could see Grim's ghost.

Vanquished Creatures
  3 adders (D:3)
  2 oozes
  3 worms
  A giant gecko (D:2)
  6 giant cockroaches
  7 hobgoblins
  A quokka (D:3)
  A ball python (D:2)
  5 bats
  6 goblins
  5 kobolds
  4 rats
44 creatures vanquished.

Notes
Turn   | Place    | Note
--------------------------------------------------------------
     0 | D:1      | Grim the Octopode Transmuter began the quest for the Orb.
     0 | D:1      | Reached XP level 1. HP: 13/13 MP: 3/3
   243 | D:1      | Reached XP level 2. HP: 18/18 MP: 5/5
   848 | D:1      | Reached XP level 3. HP: 14/23 MP: 4/6
  1021 | D:2      | Reached skill level 4 in Unarmed Combat
  1235 | D:2      | Found a glowing golden altar of the Shining One.
  1805 | D:3      | Reached XP level 4. HP: 23/28 MP: 5/7
  1880 | D:3      | Noticed Grim's ghost (amateur CeHu)
  2108 | D:3      | Slain by Grim's ghost

Action                   |  1- 3 |  4- 6 || total
-------------------------+-------+-------++-------
Melee: Unarmed           |    80 |    37 ||   117
 Cast: Beastly Appendage |     6 |     3 ||     9
 Stab: Sleeping          |     9 |     2 ||    11
  Eat: Chunk             |     3 |       ||     3
